 Dungeon Crawl Stone Soup version 0.30-a0-540-g0af01429fa (webtiles) character file.

Game seed: 10230927922158988557

2382 oldriver the Covert (level 9, 0/81 (82) HPs)
             Began as a Naga Artificer on Dec 26, 2022.
             Was a Follower of Wu Jian.
             Slain by a gnoll sergeant
             ... wielding a +2 trident of venom
              (7 damage)
             ... on level 6 of the Dungeon.
             The game lasted 00:18:11 (7362 turns).

oldriver the Covert (Naga Artificer)                Turns: 7362, Time: 00:18:11

HP:   0/81 (82)     AC:  7    Str: 16    XL:     9   Next: 45%
MP:   9/9           EV: 10    Int: 12    God:    Wu Jian [*.....]
Gold: 57            SH:  0    Dex: 18    Spells: 8/8 levels left

rFire   . . .      SeeInvis +    k - +2 dagger (venom)
rCold   . . .      Faith    .    (no shield)
rNeg    . . .      Spirit   .    z - +0 leather armour "Cedweng" {Fly rCorr Dex+4}
rPois   +          Reflect  .    p - +0 helmet
rElec   .          Harm     .    m - +1 cloak
rCorr   +          Rampage  .    (no gloves)
Will    +....                    (no barding)
Stlth   ++++                     (no amulet)
HPRegen 0.33/turn                (no ring)
MPRegen 0.11/turn                (no ring)

@: flying, lightly drained, very slow
A: AC +3, large, see invisible, deformed body, poison resistance, slowness 2,
spit poison 1, naga tail 1
a: Spit Poison, Renounce Religion


You were on level 6 of the Dungeon.
You worshipped Wu Jian.
Wu Jian was aware of your devotion.
You visited 2 branches of the dungeon, and saw 7 of its levels.

You collected 225 gold pieces.
You spent 168 gold pieces at shops.

Inventory:

Hand Weapons
 k - a +2 dagger of venom (weapon)
 r - a +1 dagger of freezing
Missiles
 h - 4 boomerangs
 s - 16 poisoned darts
Armour
 m - a +1 cloak (worn)
 p - a +0 helmet (worn)
 z - the +0 leather armour "Cedweng" (worn) {Fly rCorr Dex+4}
   (You found it on level 4 of the Dungeon)

   Dex:       It affects your dexterity (+4).
   Fly:       It grants you flight.
   rCorr:     It protects you from acid and corrosion.
Wands
 c - a wand of flame (9)
 d - a wand of charming (11)
 e - a wand of iceblast (1)
 l - a wand of paralysis (5)
Scrolls
 i - a scroll of noise
 B - a scroll of identify
Potions
 f - 3 potions of haste
 j - a potion of attraction {unknown}
 n - a potion of resistance {unknown}
 o - 4 potions of brilliance
 q - a potion of mutation {unknown}
 t - 2 potions of might
 u - a potion of berserk rage {unknown}
 v - a potion of ambrosia
 w - 2 potions of magic
 x - a potion of cancellation {unknown}


   Skills:
 + Level 6.2 Fighting
 * Level 8.1 Short Blades
 + Level 1.3 Throwing
 - Level 1.5 Armour
 - Level 2.0 Dodging
 + Level 9.8 Stealth
 - Level 3.0 Evocations


You had 8 spell levels left.
You didn't know any spells.
Your spell library contained the following spells:

 Spells                   Type           Power      Damage    Failure   Level
 Stone Arrow              Conj/Erth      0%         3d7       77%         3
 Animate Armour           Summ/Erth      0%         N/A       99%         4
 Lehudib's Crystal Spear  Conj/Erth      0%         10d2      100%        8


Dungeon Overview and Level Annotations

Branches:
Dungeon (6/15)             Temple (1/1) D:5

Altars:
Ashenzari
Cheibriados
Dithmenos
Elyvilon
Fedhas
Gozag
Hepliaklqana
Kikubaaqudgha
Makhleb
Nemelex Xobeh
Okawaru
Qazlal
Ru
Sif Muna
Vehumet
Wu Jian
Xom
Yredelemnul

Shops:
D:6 !?=

Annotations:
D:2 Sigmund


Innate Abilities, Weirdness & Mutations

Your serpentine skin is tough. (AC +3)
You have supernaturally acute eyesight. (SInv)
Armour fits poorly on your strangely shaped body.
Your system is resistant to poisons. (rPois)
You cover ground very slowly.
You can spit poison.
You have a snake-like lower body.


Message History

You closely miss the orc priest.
The orc priest is moderately wounded.
You hit the orc priest.
The orc priest looks as sick as possible!
The orc priest is severely wounded.
The orc priest hits you with a +1 mace of draining.
* * * LOW HITPOINT WARNING * * *
You feel drained.
You hit the orc priest.
The orc priest looks as sick as possible!
The orc priest is almost dead.
You hit the orc priest.
You kill the orc priest!
The Council accepts your kill.
You see here a +1 mace of draining.
There is an open door, spattered with blood here.
As you close the door, it creaks loudly!
You start resting.
Something unseen opens the door.
The gnoll sergeant hits you from afar with a +2 trident of venom!
* * * LOW HITPOINT WARNING * * *
The gnoll sergeant hits you from afar with a +2 trident of venom.
* * * LOW HITPOINT WARNING * * *
Aiming: Iceblast
Press: ? - help, Shift-Dir - straight line, f - gnoll sergeant
Aim: a gnoll sergeant, wielding a +2 trident of venom and wearing a +0 scale mail
Okay, then.
Aiming: Paralyse
Press: ? - help, Shift-Dir - straight line, f - gnoll sergeant
Aim: a gnoll sergeant, wielding a +2 trident of venom and wearing a +0 scale mail (chance to affect: 56%)
The gnoll sergeant resists with significant effort.
The hound barks!
The gnoll sergeant hits you from afar with a +2 trident of venom.
* * * LOW HITPOINT WARNING * * *
Aiming: Paralyse
Press: ? - help, Shift-Dir - straight line, f/p - gnoll sergeant
Aim: a gnoll sergeant, wielding a +2 trident of venom and wearing a +0 scale mail (chance to affect: 56%)
The gnoll sergeant resists with significant effort.
The gnoll sergeant hits you from afar with a +2 trident of venom!
You die...

.............
.......P.....#.
~≈....~~~~≈~~
~≈~≈~~≈≈~~....
≈~....~≈≈≈≈~≈ ~≈
~~....~~≈~~~~ #####
............. #...#
##''''#############...
.#...)#..........)#'#
.'....'.)..).....)g.#
.#....#.†...h...@.#.#
###################)#
#......# #....).#
##'###.# #.g..#.#
#....#.# o))o....#'#
#######'#..


You could see a gnoll sergeant and a hound.

Vanquished Creatures
  Grinder (D:5)
  A warg (D:6)
  A sky beast (D:6)
  2 black bears
  An orc warrior (D:6)
  5 ogres
  2 kobold brigands (D:6)
  A gnoll sergeant (D:6)
  3 scorpions
  A necrophage (D:5)
  2 jellies
  4 hounds
  3 orc priests
  5 iguanas
  4 orc wizards
  A scorpion zombie (D:3)
  Robin (D:3)
  9 adders
  2 river rats (D:5)
  6 gnolls (D:6)
  A shadow imp (D:6)
  2 ufetubi (D:5)
  4 worms
  6 dart slugs
  19 orcs
  3 endoplasms
  4 giant cockroaches
  9 goblins
  7 hobgoblins
  A quokka (D:4)
  11 ball pythons
  A ball python skeleton (D:3)
  A ball python zombie (D:3)
  4 bats
  5 frilled lizards
  12 kobolds
  5 rats
150 creatures vanquished.

Vanquished Creatures (collateral kills)
  A goblin (D:3)
  A hobgoblin (D:3)
2 creatures vanquished.

Vanquished Creatures (others)
  An ogre (D:6)
  4 withered plants (D:3)
5 creatures vanquished.

Grand Total: 157 creatures vanquished

Notes
Turn   | Place    | Note
-------+----------+-------------------------------------------
     0 | D:1      | oldriver the Naga Artificer began the quest for the Orb.
     0 | D:1      | Reached XP level 1. HP: 18/18 MP: 1/1
    68 | D:1      | Reached skill level 2 in Stealth
    73 | D:1      | Reached skill level 1 in Dodging
   188 | D:1      | Reached XP level 2. HP: 22/25 MP: 2/2
   547 | D:1      | Reached skill level 1 in Short Blades
   696 | D:1      | Reached XP level 3. HP: 31/31 MP: 3/3
   938 | D:2      | Reached skill level 3 in Stealth
  1370 | D:2      | Reached XP level 4. HP: 25/39 MP: 4/4
  1501 | D:2      | Found an ancient bone altar of Kikubaaqudgha.
  1750 | D:2      | Noticed Sigmund
  1797 | D:3      | Noticed Robin
  1869 | D:3      | Found a faded altar of an unknown god.
  1924 | D:3      | Found an ancient bone altar of Kikubaaqudgha.
  1929 | D:3      | Found a stormy altar of Qazlal.
  1937 | D:3      | Found a sparkling altar of Nemelex Xobeh.
  1978 | D:3      | Reached skill level 4 in Stealth
  2028 | D:3      | Killed Robin
  2029 | D:3      | Reached XP level 5. HP: 14/46 MP: 5/5
  3124 | D:4      | Found a basalt altar of Yredelemnul.
  3195 | D:4      | Reached XP level 6. HP: 56/56 MP: 6/6
  3320 | D:4      | Reached skill level 5 in Stealth
  3600 | D:4      | Found a white marble altar of Elyvilon.
  3601 | D:4      | You fall into a shaft and drop 1 floor!
  3601 | D:5      | Entered Level 5 of the Dungeon
  3652 | D:4      | Identified the +0 leather armour "Cedweng" {Fly rCorr
                  | Dex+4}
  3671 | D:4      | Found a shimmering altar of Xom.
  4455 | D:5      | Reached XP level 7. HP: 63/63 MP: 7/7
  4524 | D:5      | Reached skill level 6 in Stealth
  4543 | D:5      | Found a staircase to the Ecumenical Temple.
  4557 | Temple   | Entered the Ecumenical Temple
  4582 | Temple   | Became a worshipper of the Wu Jian Council
  4782 | D:5      | Identified the +1 leather armour of Hide-and-Seek {rN+
                  | Str+3 Int+4}
  4811 | D:5      | Noticed Grinder
  4828 | D:5      | Killed Grinder
  4829 | D:5      | Reached skill level 5 in Short Blades
  4829 | D:5      | Reached skill level 7 in Stealth
  4829 | D:5      | Reached XP level 8. HP: 51/73 MP: 8/8
  5533 | D:5      | Reached skill level 5 in Fighting
  5533 | D:5      | Reached skill level 8 in Stealth
  5748 | D:5      | Found a shimmering blue altar of Sif Muna.
  6052 | D:5      | Reached * piety under Wu Jian
  6165 | D:6      | Found Babone's Magic Scroll Shoppe.
  6236 | D:6      | Bought a scroll of fear for 60 gold pieces
  6240 | D:6      | Found Sust's Jewellery Shop.
  6659 | D:6      | Found Inlaboll's Distillery.
  6670 | D:6      | Bought a potion of heal wounds for 60 gold pieces
  6670 | D:6      | Bought a potion of might for 48 gold pieces
  6770 | D:6      | Reached XP level 9. HP: 81/81 MP: 9/9
  6792 | D:6      | Reached skill level 9 in Stealth
  7334 | D:6      | Reached skill level 1 in Throwing
  7362 | D:6      | Slain by a gnoll sergeant

Illustrated notes

Levels and vault maps discovered:
D:1:      elethiomel_arrival_shortcut, layout_loops_ring, minmay_tetromino_s2
D:2:      layout_basic, basic_altar, dk_noncrumbling_4, uniq_sigmund
D:3:      layout_loops_corners, grunt_temple_overflow_diamond, serial_undead,
          serial_undead_b, serial_undead_e, serial_undead_d, serial_undead_d,
          basic_ecumenical_altar, uniq_robin
D:4:      layout_basic, mainiacjoe_overflow_large_starburst,
          lemuel_doored_altar, minmay_close_crescents
D:5:      layout_basic, kennysheep_mini, temple_hall,
          cheibrodos_sewer_entry_sluice, uniq_grinder
D:6:      lemuel_castle_with_subvaults [lemuel_castle_interior_carwin_1],
          layout_cave_pools, amcnicky_altar_gilded, serial_shops, shop, shop,
          shop_fountains
Temple:   nicolae_temple_great_sept

Skill      XL: |  1  2  3  4  5  6  7  8  9 |
---------------+----------------------------+-----
Stealth        | 2 3 4 5 7 8 9 |  9.8
Dodging        | 1 2 |  2.0
Short Blades   | 1 2 3 5 7 8 |  8.1
Fighting       | 2 3 4 5 6 |  6.2
Throwing       | 1 |  1.3
Armour         | |  1.5
Evocations     | |  3.0

Action                   |  1- 3 |  4- 6 |  7- 9 || total
-------------------------+-------+-------+-------++-------
Melee: Club              |    14 |       |       ||    14
       Dagger            |    67 |   142 |   262 ||   471
       Punch             |       |     2 |     6 ||     8
Throw: Dart              |       |       |    24 ||    24
       Boomerang         |       |       |     8 ||     8
Invok: Lunge             |       |       |     6 ||     6
       Whirlwind         |       |       |     2 ||     2
 Abil: Spit Poison       |    33 |    45 |    26 ||   104
Evoke: Wand              |       |     5 |    14 ||    19
  Use: Scroll            |       |     5 |     8 ||    13
       Potion            |       |       |     5 ||     5
 Stab: Sleeping          |       |     4 |       ||     4
       Paralysed         |       |       |     1 ||     1
Armor: Leather armour    |    11 |    49 |    85 ||   145
Dodge: Dodged            |    32 |    58 |   113 ||   203

Table legend: (Time is in decaauts)
 A = Elapsed time spent in this place.
 B = Non-inter-level travel time spent in this place.
 C = Inter-level travel time spent in this place.
 D = Time resting spent in this place.
 E = Time spent auto-exploring this place.
 F = Levels seen in this place.
 G = Mean time per level.
                   A        B        C        D        E       F      G
               +--------+--------+--------+--------+--------+-----+--------+
         Total |   8888 |   8468 |    420 |   1683 |   4781 |   7 | 1269.7 |
       Dungeon |   8835 |   8415 |    420 |   1683 |   4781 |   6 | 1472.5 |
        Temple |     53 |     53 |      0 |      0 |      0 |   1 |   53.0 |
               +--------+--------+--------+--------+--------+-----+--------+

Top non-repeatable levels by time:
     D:5: 1966 daAuts
     D:3: 1747 daAuts
     D:4: 1546 daAuts
     D:6: 1296 daAuts
     D:1: 1163 daAuts
     D:2: 1115 daAuts
  Temple: 53 daAuts
